Map: Lerilak Crest

Players

ImmortalZodd - Winner!

  • Race: Zerg Zerg
  • League: Silver

Respect

  • Race: Zerg Zerg
  • League: Silver

VOD

Have the link to the VOD?

Description

Time

  • Played on: Jan. 29, 2016, 11:08 p.m.
  • Length: 19:54
Show
View Real Time Build Order
Export as new Build Order

ImmortalZodd Zerg - Winner!

Build Orders: Hatch First, Zergling Baneling 

Get SALT Encoding   

  12  0:03  Drone  
  13  0:10  Drone  
  14  0:22  Drone, Extractor  
  15  0:34  Overlord  
  15  0:53  Drone  
  15  0:56  Extractor  
  15  0:57  Hatchery  
  15  1:01  Drone x2  
  16  1:06  Drone  
  17  1:15  Drone  
  18  1:29  Spawning Pool  
  18  1:31  Drone  
  18  1:37  Drone  
  19  1:47  Drone  
  20  1:58  Drone  
  21  2:09  Overlord  
  21  2:11  Drone  
  22  2:16  Metabolic Boost  
  22  2:20  Drone x2  
  23  2:30  Zergling x4  
  23  2:32  Queen  
  23  2:34  Queen  
  29  2:42  Drone x2  
  31  2:51  Baneling Nest  
  31  2:53  Drone x2  
  31  2:55  Evolution Chamber  
  31  3:03  Zergling x2  
  31  3:04  Drone  
  33  3:18  Zergling x4  
  35  3:25  Zerg Melee Weapons Level 1  
  35  3:30  Zergling x2  
  36  3:38  Overlord x2  
  36  3:39  Overlord  
  36  3:55  Baneling x3  
  36  3:57  Zergling x2  
  36  3:58  Zergling x12  
  36  4:01  Zergling x2  
  44  4:10  Zergling x2  
  44  4:14  Zergling x2  
  46  4:19  Baneling x2  
  46  4:20  Zergling x2  
  46  4:21  Zergling x10  
  52  4:27  Zergling x4  
  54  4:33  Zergling x2  
  54  4:37  Zergling x2  
  56  4:39  Baneling x3  
  56  4:48  Zergling x4  
  58  5:03  Zergling x4  
  58  5:05  Hatchery, Overlord x5  
  59  5:18  Baneling x2  
  59  5:19  Baneling x2  
  59  5:31  Baneling  
  59  5:34  Zergling x4  
  59  5:35  Zergling x12  
  67  5:36  Zergling x4  
  69  5:59  Drone x5  
  69  6:15  Zergling x4  
  68  6:19  Spore Crawler  
  68  6:23  Spore Crawler  
  41  6:51  Zergling x14  
  41  6:52  Zergling x8  
  43  6:56  Lair  
  43  7:00  Zergling x2  
  44  7:05  Drone x2  
  46  7:09  Spore Crawler  
  46  7:11  Spore Crawler  
  46  7:13  Spore Crawler  
  46  7:15  Spore Crawler  
  42  7:17  Queen  
  42  7:21  Baneling x4  
  42  7:22  Baneling x4  
  36  7:58  Queen  
  38  8:07  Zergling x6  
  38  8:08  Zergling x18  
  38  8:09  Zergling x2  
  51  8:16  Zergling x4  
  53  8:34  Queen  
  53  8:46  Extractor  
  32  9:16  Zergling x14  
  39  9:45  Spawning Pool, Zergling x12  
  42  9:50  Zergling x2  
  43  9:54  Lair  
  43  9:57  Zergling x2  
  44  10:03  Zergling x4  
  44  10:04  Zergling x4  
  28  10:55  Zergling x12  
  34  11:04  Hydralisk Den  
  34  11:05  Drone x2  
  34  11:06  Drone  
  34  11:09  Zergling x2  
  36  11:24  Zergling x2  
  37  11:31  Zergling x2  
  38  11:38  Hydralisk x3  
  44  11:56  Hydralisk  
  46  12:30  Overlord x3  
  46  12:31  Overlord  
  35  12:54  Queen  
  35  12:55  Hydralisk x2  
  35  12:56  Hydralisk  
  43  12:59  Zergling x4  
  45  13:06  Drone  
  45  13:08  Extractor  
  45  13:15  Drone  
  46  13:25  Drone  
  47  13:37  Zergling x2  
  47  13:51  Hydralisk x3  
  53  14:20  Overlord x3  
  53  14:43  Hydralisk x2  
  57  14:52  Zergling x6  
  60  15:17  Spore Crawler  
  59  15:21  Spore Crawler  
  59  15:26  Hydralisk  
  59  15:27  Hydralisk x2  
  64  15:47  Hydralisk  
  66  15:58  Hydralisk  
  66  16:02  Hydralisk  
  54  17:18  Hatchery  
  54  17:22  Hydralisk  
  53  17:23  Hydralisk x2  
  59  17:36  Hydralisk  
  61  17:51  Hydralisk  
Show
View Real Time Build Order
Export as new Build Order

Respect Zerg 

Build Orders: Hatch First 

Get SALT Encoding   

  12  0:03  Drone  
  13  0:10  Drone  
  14  0:31  Overlord  
  14  0:49  Extractor  
  13  0:55  Drone x2  
  13  0:56  Drone  
  16  1:10  Hatchery, Drone  
  16  1:24  Extractor  
  15  1:39  Spawning Pool  
  14  1:41  Drone  
  14  1:42  Drone x2  
  17  2:08  Drone x2  
  19  2:27  Lair  
  19  2:34  Queen  
  21  2:49  Drone x2  
  21  2:50  Drone  
  24  3:10  Queen  
  26  3:20  Extractor  
  26  3:22  Extractor  
  24  3:30  Spire  
  23  3:35  Overlord x3  
  23  3:53  Queen  
  25  3:59  Drone x2  
  25  4:00  Drone x2  
  29  4:02  Queen  
  31  4:30  Overlord  
  31  4:31  Hatchery  
  30  4:50  Mutalisk x3  
  36  4:56  Drone  
  36  4:57  Drone  
  36  4:58  Drone  
  39  5:26  Mutalisk x4  
  47  5:57  Zerg Flyer Weapons Level 1  
  45  6:13  Mutalisk x2, Zergling x2  
  42  6:31  Mutalisk  
  38  6:49  Drone x5  
  38  6:50  Drone x4  
  35  7:17  Hatchery  
  26  7:49  Mutalisk  
  26  7:50  Drone, Mutalisk x2  
  26  7:51  Zerg Flyer Armor Level 1  
  33  8:14  Mutalisk  
  33  8:17  Extractor  
  33  8:19  Extractor  
  33  8:51  Mutalisk x3  
  33  9:05  Drone x2  
  29  9:52  Drone  
  30  10:39  Drone x2  
  32  11:02  Drone  
  32  11:03  Drone  
  34  11:56  Drone x3  
  34  11:57  Drone  
  32  12:25  Drone x2  
  32  12:26  Drone  
  35  12:56  Drone x2  
  37  13:25  Spine Crawler x2  
  33  14:05  Drone x2  
  33  14:06  Drone  
  36  14:26  Drone  
  33  15:34  Hatchery  
  32  15:37  Hatchery  
  31  15:43  Drone  
  31  15:44  Drone  
  33  16:07  Drone x3  
  15  17:00  Drone x2  
  17  17:05  Drone x3  
  20  17:23  Spawning Pool  
  20  17:25  Drone x2  
  20  17:26  Drone  
  20  17:28  Drone  
  23  17:54  Drone x4  
  27  18:02  Extractor  
  27  18:03  Extractor  
  25  18:15  Roach Warren  
  25  18:16  Drone x3  
  20  18:46  Drone x2  
  20  18:47  Drone  
  12  18:52  Queen  
  14  19:08  Drone  
  15  19:29  Spawning Pool  
Tags
 
Add a new tag
Caveats
  • Supply blocks, unpowered buildings, or Contaminate may cause inaccurate times.
  • Supply counts are checked every 10 seconds.